 Dungeon Crawl Stone Soup version 0.19-a0-1091-g463c9de (webtiles) character file.

57161 4thArraOfDagon the Scorcher (level 14, -6/68 HPs)
             Began as a Deep Elf Fire Elementalist on Aug 7, 2016.
             Was the Champion of Vehumet.
             Hit by a large rock thrown by Polyphemus (27 damage)
             ... on level 2 of the Shoals.
             The game lasted 01:07:02 (7912 turns).

4thArraOfDagon the Scorcher (DEFE)                  Turns: 7912, Time: 01:07:02

Health: -6/68      AC: 13    Str:  7    XL:     14   Next: 44%
Magic:  24/31      EV: 13    Int: 30    God:    Vehumet [******]
Gold:   1173       SH:  0    Dex: 19    Spells: 6 memorised, 20 levels left

rFire  + . .     SeeInvis .     r - +2 flail (protect)
rCold  x . .     Gourm    .     t - +2 robe {Archmagi}
rNeg   . . .     Faith    .     (no shield)
rPois  .         Spirit   .     B - +2 hat
rElec  .         Dismiss  .     f - +1 cloak
rCorr  .         Reflect  .     Z - +0 pair of gloves
SustAt .         Harm     .     (no boots)
MR     +....                    g - amulet of magic regeneration
Stlth  ++........               u - +4 ring of intelligence
                                N - ring of fire

@: hasted, very quick
A: talons 1, agile 2, blurry vision 1, deformed body, low mp 1, strong 1, wild
magic 1, MP-powered wands
a: Renounce Religion


You were on level 2 of the Shoals.
You worshipped Vehumet.
Vehumet was exalted by your worship.
You were not hungry.

You visited 4 branches of the dungeon, and saw 24 of its levels.
You also visited: Labyrinth and Bailey.

You collected 1405 gold pieces.
You spent 232 gold pieces at shops.

Inventory:

Hand Weapons
 m - a +1 dagger of distortion
 r - a +2 flail of protection (weapon)
 E - a +0 blowgun
 K - the +6 falchion "Grim" {holy, Str+4}
   (You bought it in a shop on level 10 of the Dungeon)

   It has been blessed by the Shining One to cause great damage to the undead
   and demons.
   It affects your strength (+4).
Missiles
 d - 18 curare-tipped needles
 F - 19 poisoned needles
Armour
 f - a +1 cloak (worn)
 t - a +2 robe of the Archmagi (worn)
 B - a +2 hat (worn)
 D - the +5 scale mail of the Peculiar Moons {Str+3 Int+7 SInv Stlth-}
   (You found it in a labyrinth)

   It affects your strength (+3).
   It affects your intelligence (+7).
   It lets you see invisible.
   It makes you less stealthy.
 Z - a +0 pair of gloves (worn)
Jewellery
 g - an amulet of magic regeneration (around neck)
 h - an uncursed ring of positive energy
 s - an uncursed ring of poison resistance
 u - a +4 ring of intelligence (right hand)
 y - an uncursed ring of positive energy
 N - a ring of fire (left hand)
Wands
 o - a wand of iceblast (8/15)
 w - a wand of iceblast (4/15)
 G - a wand of slowing (29/48)
 R - a wand of confusion (31/48)
 S - a wand of disintegration (11/24)
 T - a wand of iceblast (8/15)
Scrolls
 b - a scroll of fear
 e - a scroll of magic mapping
 k - 4 scrolls of amnesia
 C - 2 scrolls of silence
 H - a scroll of fog
 M - 4 scrolls of teleportation
 P - 3 scrolls of vulnerability
 Q - 3 scrolls of remove curse
 V - a scroll of identify
Potions
 i - a potion of cure mutation
 j - 2 potions of brilliance
 l - a potion of agility
 n - a potion of degeneration
 q - 2 potions of flight
 v - 2 potions of haste
 x - 3 potions of berserk rage
 I - 2 potions of curing
 O - 4 potions of resistance
 X - 2 potions of might
 Y - a potion of lignification
Books
 L - an Akashic Record

   Spells                             Type                      Level
   a - Dispersal                      Translocation                6
   b - Malign Gateway                 Summoning/Translocation      7
   c - Disjunction                    Translocation                8
   d - Controlled Blink               Translocation                8
Miscellaneous
 p - a box of beasts
 A - a sack of spiders
 J - a phantom mirror
 U - a crystal ball of energy
Comestibles
 a - 3 chunks of flesh
 c - 8 bread rations
 z - 8 meat rations


   Skills:
 - Level 2.4 Dodging
 - Level 2.4 Stealth
 + Level 14.5 Spellcasting
 * Level 16.9 Conjurations
 * Level 17.0 Fire Magic


You had 20 spell levels left.
You knew the following spells:

 Your Spells              Type           Power        Failure   Level  Hunger
a - Flame Tongue          Conj/Fire      #####        1%          1    None
b - Conjure Flame         Conj/Fire      ########     1%          3    None
c - Sticky Flame          Conj/Fire      ########     1%          4    None
d - Fireball              Conj/Fire      #########.   1%          5    None
e - Mephitic Cloud        Conj/Pois/Air  #######.     1%          3    None
f - Bolt of Fire          Conj/Fire      #########.   1%          6    ###....


Dungeon Overview and Level Annotations

Branches:
Dungeon (14/15)            Temple (0/1) D:4            Lair (6/6) D:9
 Shoals (2/4) Lair:3        Snake (0/4) Lair:4          Orc (2/2) D:12
  Slime: Lair:5-6       Elf: Orc:2       Vaults: D:13-14

Altars:
Cheibriados
Fedhas
Gozag
Pakellas
Vehumet
Yredelemnul
The Shining One

Shops:
D:7 %   D:10 (   D:11 }   Orc:1 :

Annotations:
D:5 Dowan, Duvessa
D:6 Pikel
D:14 4thArraOfDagon's ghost, journeyman TrAM
Shoals:2 Polyphemus
Orc:2 Kenran's ghost, journeyman DDFi


Innate Abilities, Weirdness & Mutations

You have sharp toenails.
You are very agile. (Dex +4)
Scrolls take you a little longer to read.
Armour fits poorly on your strangely shaped body.
Your magical capacity is low. (-10% MP)
Your muscles are strong. (Str +2)
Your spells are a little harder to cast, but a little more powerful.
You expend magic power (3 MP) to strengthen your wands.


Message History

Unknown command.
Unknown command.
Okay, then.
You feel much better.
Polyphemus throws a large rock.
The large rock hits you!!
You hear a splash.
A catoblepas comes into view.
Okay, then.
Okay, then.
Unknown command.
Casting: Bolt of Fire
Confirm with . or Enter, or press ? or * to list all spells.
Okay, then.
Unknown command.
Evoke which item? (* to show all) (? for menu, Esc to quit)
Okay, then.
Unknown command.
You feel yourself speed up.
The catoblepas bellows!
Polyphemus throws a large rock.
The large rock hits you!!
You die...

≈≈.....# ##.≈≈≈≈≈.≈..##.≈≈≈≈
≈........###...≈....≈...≈≈≈≈≈≈
≈.. ##........≈≈≈PPPP..<≈≈≈≈≈≈
≈...#..≈......P≈PPPPP.....≈≈≈≈
≈≈≈.......≈P≈P≈PP#####..###.≈≈
≈≈≈≈≈≈.[.)P≈≈≈PPPP# #.## #...
≈≈≈≈≈≈≈≈≈≈≈≈≈≈PPP.## #..
≈≈≈≈≈≈≈≈≈≈≈≈≈≈≈≈≈?.##P..#
≈≈≈≈≈≈≈≈≈≈≈≈≈@≈≈≈.....###
≈≈≈≈≈≈≈≈≈≈≈≈≈≈≈≈≈≈....
≈≈≈≈≈≈≈≈≈≈P≈≈≈≈≈≈≈....
≈≈≈≈≈≈≈≈≈≈≈≈..≈≈≈.)P..
≈≈≈≈≈≈≈≈≈≈≈≈≈...≈))C≈≈
≈≈≈≈≈≈≈≈≈≈≈≈....##.Y≈
≈≈≈≈≈≈≈≈≈≈≈....# #..
≈≈≈≈.≈≈≈.### ..


You could see Polyphemus and a catoblepas.

Vanquished Creatures
  2 entropy weavers (Lair:5)
  Josephine (Orc:2)
  A minotaur (Lab)
  2 hydras
  3 catoblepae (Lair:6)
  A merfolk aquamancer (Shoals:1)
  A queen ant (Lair:5)
  11 death yaks (Lair:6)
  Sonja (Lair:2)
  An unseen horror (D:11)
  A sea snake (Shoals:1)
  A hill giant (D:11)
  2 orc knights
  4 griffons
  An orc sorcerer (Orc:2)
  A deep elf mage (D:13)
  2 manticores
  3 fauns (Shoals:2)
  6 elephants
  A black mamba (Lair:6)
  4 spiny frogs
  Joseph (D:10)
  2 sirens
  A torpor snail (Lair:6)
  2 gargoyles
  A rime drake (Lair:5)
  3 centaur skeletons
  4 komodo dragons
  3 polar bears
  2 merfolk (Shoals:1)
  5 trolls
  A two-headed ogre (D:11)
  21 blink frogs
  A snapping turtle (Shoals:1)
  A vampire (D:12)
  6 water elementals
  4 wraiths
  2 wyverns
  43 yaks
  6 hippogriffs
  A steam dragon (D:14)
  A hungry ghost (D:8)
  5 wargs
  2 nagas (Lair:4)
  Edmund (D:5)
  9 water moccasins
  15 soldier ants (Lair:5)
  3 porcupines
  14 orc warriors
  A black bear (D:7)
  A sky beast (D:6)
  5 ice beasts
  A necrophage (D:6)
  5 ogres
  4 wolves (Lair:6)
  9 centaurs
  11 crocodiles
  7 giant frogs
  2 big kobolds (D:7)
  A wyvern zombie (D:13)
  5 scorpions
  A wyvern skeleton (D:11)
  5 killer bees
  3 howler monkeys
  4 wights (D:13)
  3 vampire bats (Lair:6)
  An electric eel (D:12)
  4 crimson imps
  5 hounds
  3 jellies
  11 orc priests
  11 orc wizards
  3 giant frog skeletons
  18 worker ants
  3 iguanas
  7 hell rats (Lair:4)
  22 sheep
  A hound zombie (D:9)
  A worker ant zombie (D:6)
  A gnoll (Bailey)
  16 adders
  17 river rats
  2 shadow imps
  2 adder skeletons
  4 worms
  A dart slug (D:4)
  2 giant geckos
  53 orcs
  5 giant cockroaches
  5 goblins
  4 hobgoblins
  9 jackals
  5 quokkas
  8 bats
  A giant newt (D:6)
  25 kobolds
  10 rats
  2 fungi
  3 plants
543 creatures vanquished.

Vanquished Creatures (collateral kills)
  An orc warrior (Orc:1)
1 creature vanquished.

Vanquished Creatures (others)
  A fire dragon (D:10)
  6 fungi
  3 plants
10 creatures vanquished.

Grand Total: 554 creatures vanquished

Notes
Turn   | Place    | Note
-------+----------+-------------------------------------------
     0 | D:1      | 4thArraOfDagon the Deep Elf Fire Elementalist began the quest for the Orb.
     0 | D:1      | Reached XP level 1. HP: 10/10 MP: 6/6
   125 | D:2      | ok
   179 | D:2      | Reached XP level 2. HP: 15/15 MP: 5/8
   186 | D:2      | Found a radiant altar of Vehumet.
   211 | D:2      | Became a worshipper of Vehumet
   212 | D:2      | ok...
   425 | D:3      | Reached skill level 4 in Fire Magic
   462 | D:3      | Reached XP level 3. HP: 14/19 MP: 6/10
   522 | D:3      | Learned a level 3 spell: Conjure Flame
   589 | D:3      | Reached * piety under Vehumet
   589 | D:3      | Offered knowledge of Sting by Vehumet.
   652 | D:3      | Reached XP level 4. HP: 21/24 MP: 8/12
   660 | D:3      | Learned a level 4 spell: Sticky Flame
  1022 | D:2      | Reached XP level 5. HP: 25/28 MP: 10/13
  1105 | D:5      | Entered Level 5 of the Dungeon
  1162 | D:6      | Noticed a sky beast
  1186 | D:6      | Killed a sky beast
  1186 | D:6      | Reached skill level 5 in Fire Magic
  1186 | D:6      | Reached XP level 6. HP: 10/32 MP: 9/15
  1296 | D:5      | Gained mutation: Your muscles are strong. (Str +2) [mutagenic meat]
  1299 | D:5      | Gained mutation: You have sharp toenails. [mutagenic meat]
  1301 | D:5      | Found a radiant altar of Vehumet.
  1302 | D:5      | Gained mutation: Your spells are a little harder to cast, but a little more powerful. [mutagenic meat]
  1310 | D:5      | Gained mutation: You are agile. (Dex +2) [mutagenic meat]
  1313 | D:5      | Gained mutation: Scrolls take you a little longer to read. [mutagenic meat]
  1347 | D:5      | Gained mutation: Armour fits poorly on your strangely shaped body. [potion of mutation]
  1347 | D:5      | Gained mutation: Your magical capacity is low. (-10% MP) [potion of mutation]
  1355 | D:4      | Found a snail-covered altar of Cheibriados.
  1399 | D:4      | Found a staircase to the Ecumenical Temple.
  1451 | D:5      | Noticed Edmund
  1463 | D:5      | Killed Edmund
  1463 | D:5      | Reached skill level 5 in Spellcasting
  1559 | D:5      | Reached skill level 5 in Conjurations
  1562 | D:5      | Reached skill level 6 in Fire Magic
  1573 | D:6      | Noticed a slave
  1576 | D:6      | Noticed a slave
  1618 | D:5      | Noticed Dowan
  1625 | D:5      | Reached XP level 7. HP: 36/36 MP: 11/15
  1632 | D:5      | Noticed Duvessa
  1642 | D:5      | Reached ** piety under Vehumet
  1642 | D:5      | Offered knowledge of Searing Ray by Vehumet.
  1725 | D:4      | Learned a level 5 spell: Fireball
  2007 | D:6      | Noticed Pikel
  2301 | D:7      | Found Sitsuv's Food Emporium.
  2329 | D:7      | Reached skill level 7 in Fire Magic
  2344 | D:7      | Reached XP level 8. HP: 37/41 MP: 12/17
  2529 | D:7      | Reached skill level 8 in Fire Magic
  2611 | D:7      | Offered knowledge of Mephitic Cloud by Vehumet.
  2658 | D:7      | Found an oddly glowing altar of Pakellas.
  2658 | D:7      | Found a basalt altar of Yredelemnul.
  2659 | D:7      | Found a blossoming altar of Fedhas.
  2740 | D:9      | Found an opulent altar of Gozag.
  2769 | D:9      | Learned a level 3 spell: Mephitic Cloud
  2774 | D:8      | Reached *** piety under Vehumet
  2774 | D:8      | Reached XP level 9. HP: 35/45 MP: 6/20
  2776 | D:8      | Reached skill level 9 in Fire Magic
  2888 | D:9      | anyone: lol
  2891 | D:9      | 4thArraOfDagon: lol^2
  2892 | D:9      | anyone: like, seriously
  2892 | D:9      | anyone: on d9
  2892 | D:9      | anyone: on a mage.
  2892 | D:9      | 4thArraOfDagon: now i will wait like another 2k games for such find
  2911 | D:9      | Offered knowledge of Olgreb's Toxic Radiance by Vehumet.
  2947 | D:9      | Found a staircase to the Lair.
  3016 | D:10     | Entered Level 10 of the Dungeon
  3023 | D:10     | ReniFell: wut happened?
  3057 | D:10     | ReniFell: ah
  3057 | D:10     | 4thArraOfDagon: this happaned
  3057 | D:10     | anyone: armour of the dragon king on the floor
  3091 | D:10     | Found Naseus's Antique Weapon Emporium.
  3099 | D:10     | Bought a dazzling falchion for 232 gold pieces
  3099 | D:10     | Identified the +6 falchion "Grim" {holy, Str+4} (You bought it in a shop on level 10 of the Dungeon)
  3129 | D:10     | Found a flagged portal.
  3131 | D:10     | Noticed a gargoyle
  3133 | D:10     | Killed a gargoyle
  3134 | D:10     | Reached skill level 10 in Fire Magic
  3142 | D:10     | Noticed Joseph
  3146 | D:10     | Killed Joseph
  3146 | D:10     | Reached skill level 10 in Conjurations
  3159 | D:10     | Found an oddly glowing altar of Pakellas.
  3159 | D:10     | Noticed a fire dragon
  3168 | Bailey   | Entered a bailey
  3253 | Bailey   | Reached **** piety under Vehumet
  3253 | Bailey   | Reached XP level 10. HP: 41/50 MP: 18/22
  3282 | Bailey   | Found a burning altar of Makhleb.
  3326 | D:10     | Killed a fire dragon
  3347 | D:9      | Gained mutation: You expend magic power (3 MP) to strengthen your wands. [potion of mutation]
  3425 | D:11     | Reached skill level 11 in Fire Magic
  3464 | D:11     | Offered knowledge of Stone Arrow by Vehumet.
  3497 | D:11     | Noticed a hill giant
  3505 | D:11     | Killed a hill giant
  3515 | D:11     | Reached skill level 10 in Spellcasting
  3565 | D:11     | Noticed a gargoyle
  3567 | D:11     | Killed a gargoyle
  3659 | D:11     | Found Foshut's Gadget Boutique.
  3830 | D:12     | Reached skill level 12 in Fire Magic
  3830 | D:12     | Reached XP level 11. HP: 49/54 MP: 16/24
  3832 | D:12     | Reached ***** piety under Vehumet
  3843 | D:12     | Noticed a seven-headed hydra
  3867 | D:12     | Killed a seven-headed hydra
  3867 | D:12     | Offered knowledge of Bolt of Draining by Vehumet.
  3922 | D:12     | yummy
  3943 | D:13     | Found a glowing golden altar of the Shining One.
  4051 | D:13     | Noticed a deep elf mage
  4058 | D:13     | Killed a deep elf mage
  4306 | D:14     | Noticed 4thArraOfDagon's ghost (journeyman TrAM)
  4483 | D:13     | Reached skill level 13 in Fire Magic
  4671 | D:12     | Found a staircase to the Orcish Mines.
  4712 | Orc:1    | Entered Level 1 of the Orcish Mines
  4712 | Orc:1    | Found Pepnan's Book Boutique.
  4712 | Orc:1    | Noticed an orc knight
  4714 | Orc:1    | Killed an orc knight
  4798 | Orc:2    | Entered Level 2 of the Orcish Mines
  4816 | Orc:2    | Noticed an orc knight
  4818 | Orc:2    | Noticed an orc sorcerer
  4819 | Orc:2    | Noticed Josephine
  4819 | Orc:2    | Killed an orc sorcerer
  4820 | Orc:2    | Killed an orc knight
  4820 | Orc:2    | Reached XP level 12. HP: 59/59 MP: 2/26
  4911 | Orc:2    | Killed Josephine
  4936 | Orc:2    | anyone: nice
  5001 | Orc:2    | Noticed Kenran's ghost (journeyman DDFi)
  5014 | Orc:2    | 4thArraOfDagon: what is this
  5014 | Orc:2    | 4thArraOfDagon: baraka?
  5014 | Orc:2    | 4thArraOfDagon: baraka with axe
  5066 | Orc:2    | give me the orb
  5326 | Lair:1   | Entered Level 1 of the Lair of Beasts
  5372 | Lair:2   | Noticed Sonja
  5373 | Lair:2   | Killed Sonja
  5386 | Lair:2   | Reached skill level 14 in Fire Magic
  5533 | Lair:3   | Noticed a seven-headed hydra
  5552 | Lair:3   | Killed a seven-headed hydra
  5628 | Lair:4   | Offered knowledge of Conjure Ball Lightning by Vehumet.
  5680 | Lair:4   | Found a labyrinth entrance.
  5689 | Lab      | Entered a labyrinth
  5885 | Lab      | Noticed a minotaur
  5887 | Lab      | Killed a minotaur
  5909 | Lab      | Got a pitted scale mail
  6064 | Lair:6   | Entered Level 6 of the Lair of Beasts
  6123 | Lair:5   | Noticed a queen ant
  6126 | Lair:5   | Noticed an entropy weaver
  6130 | Lair:5   | Noticed an entropy weaver
  6226 | Lair:5   | Reached skill level 15 in Fire Magic
  6226 | Lair:5   | Reached XP level 13. HP: 63/63 MP: 17/28
  6337 | Lair:5   | Reached skill level 15 in Conjurations
  6383 | Lair:5   | Offered knowledge of Bolt of Fire by Vehumet.
  6597 | Lair:6   | Learned a level 6 spell: Bolt of Fire
  7020 | Lair:6   | Reached skill level 16 in Fire Magic
  7178 | Lair:6   | Reached XP level 14. HP: 68/68 MP: 2/30
  7298 | Lair:5   | Killed an entropy weaver
  7299 | Lair:5   | Killed an entropy weaver
  7299 | Lair:5   | Reached ****** piety under Vehumet
  7451 | Lair:4   | Found a staircase to the Snake Pit.
  7576 | Lair:3   | Found a staircase to the Shoals.
  7662 | Shoals:1 | Entered Level 1 of the Shoals
  7673 | Shoals:1 | Offered knowledge of Lightning Bolt by Vehumet.
  7683 | Shoals:1 | Got a faintly humming robe
  7694 | Shoals:1 | Identified the +1 robe of Untruth {-Cast rF++ Slay+2 SInv} (You found it on level 1 of the Shoals)
  7862 | Shoals:2 | Gained mutation: You are very agile. (Dex +4) [potion of mutation]
  7897 | Shoals:2 | Identified the +5 scale mail of the Peculiar Moons {Str+3 Int+7 SInv Stlth-} (You found it in a labyrinth)
  7906 | Shoals:2 | Reached skill level 17 in Fire Magic
  7910 | Shoals:2 | Noticed Polyphemus
  7912 | Shoals:2 | Hit by a large rock thrown by Polyphemus

Vault maps used:
D:1:      minmay_arrival_five_plusses
D:2:      lemuel_round_altar
D:4:      first_bread, cheibriados_altar_1
D:5:      basic_altar, uniq_edmund, uniq_duvessa
D:6:      kennysheep_little_box, kennysheep_another_room, uniq_pikel
D:7:      gammafunk_temple_overflow_claw, serial_shops,
          nicolae_shop_behind_doors
D:8:      david_nohive_1, kennysheep_flooded_box, grunt_ministairs_14,
          st_stairs_8
D:9:      overflow_temple_1_default, erik_lair_orcish_takeover, minivault_7
D:10:     serial_shops, shop, special_room, enter_bailey_2,
          gammafunk_pakellas_cloud_experiment, uniq_joseph
D:11:     serial_shops, shop, hangedman_incinerator
D:12:     erik_orc_2, serial_shops, shop, nicolae_zen_rock_garden
D:13:     basic_altar
D:14:     grunt_vaults_entry_tiered, minivault_24,
          nicolae_gozag_cash_rules_everything_around_me
Lair:1:   cheibrodos_lair_caveside_slide, beast_lair_carwin_5
Lair:2:   uniq_sonja
Lair:3:   minmay_shoals_entry_beasts, st_stairs_4
Lair:4:   minmay_snake_entry_guardpost_small, lab_entry_generic
Lair:5:   minmay_guarded_unrand_snakebite, zaba_antful_of_joy
Lair:6:   evilmike_catoblepas_cave, minmay_slime_entry_oklob_enclosed,
          roderic_batcave, hangedman_lair_generics_rect
Shoals:2: uniq_polyphemus
Orc:1:    serial_shops, shop, nicolae_shop_trees
Orc:2:    st_orc_elflike, uniq_josephine
Lab:      labyrinth_spiral
Bailey:   bailey_axe_3, bailey

Skill      XL: |  1  2  3  4  5  6  7  8  9 10 11 12 13 14 |
---------------+-------------------------------------------+-----
Fire Magic     | 4 5 6 7 8 10 12 13 15 16 17 | 17.0
Conjurations   | 2 3 4 5 6 8 10 11 13 14 16 | 16.9
Spellcasting   | 4 5 6 7 8 10 11 12 14 | 14.5
Dodging        | |  2.4
Stealth        | |  2.4

Action                   |  1- 3 |  4- 6 |  7- 9 | 10-12 | 13-15 || total
-------------------------+-------+-------+-------+-------+-------++-------
Melee: Short sword       |    10 |     4 |       |       |       ||    14
       Flail             |       |    35 |    45 |    15 |     7 ||   102
       Kick              |       |     5 |     8 |     3 |       ||    16
Throw: Throwing net      |       |       |     1 |       |       ||     1
 Cast: Flame Tongue      |    79 |    63 |    84 |    45 |     8 ||   279
       Sticky Flame      |       |     6 |    20 |    26 |    24 ||    76
       Conjure Flame     |       |     4 |     5 |    19 |     7 ||    35
       Fireball          |       |       |    28 |   141 |    50 ||   219
       Bolt of Fire      |       |       |       |       |    59 ||    59
Evoke: Wand              |       |       |     8 |     4 |       ||    12
       Sack of spiders   |       |       |       |     3 |       ||     3
  Use: Potion            |     1 |     3 |     1 |     8 |     4 ||    17
       Scroll            |     1 |     5 |     8 |     7 |     8 ||    29
 Stab: Sleeping          |     1 |     1 |       |       |       ||     2
       Confused          |       |       |       |     2 |       ||     2
  Eat: Chunk             |       |     6 |     8 |    15 |    14 ||    43
       Beef jerky        |       |     1 |       |     2 |       ||     3
       Pizza             |       |       |     3 |       |       ||     3
       Fruit             |       |       |     4 |       |       ||     4
Armor: Robe              |    12 |    25 |    39 |    26 |    14 ||   116
Dodge: Dodged            |    39 |    34 |    88 |    37 |    39 ||   237
